 Dungeon Crawl Stone Soup version 0.17-a0-1596-g1e86911 (webtiles) character file.

186 urechis the Cudgeler (level 5, -1/55 HPs)
             Began as an Ogre Gladiator on July 31, 2015.
             Killed from afar by an orc wizard (6 damage)
             ... with a magic dart
             ... on level 4 of the Dungeon.
             The game lasted 00:03:23 (2017 turns).

urechis the Cudgeler (Ogre Gladiator)               Turns: 2017, Time: 00:03:24

Health: -1/55      AC:  7    Str: 21    XL:     5   Next: 66%
Magic:  5/5        EV: 10    Int:  7    God:
Gold:   134        SH:  0    Dex: 10    Spells: 0 memorised, 4 levels left

rFire  . . .     SeeInvis .     a - +0 flail
rCold  . . .     Clarity  .     b - +0 robe
rNeg   . . .     SustAt   .     (no shield)
rPois  +         Gourm    .     t - +1 hat
rElec  .         Spirit   .     u - +2 cloak
rCorr  .         Warding  .     (gloves unavailable)
rMut   .         Stasis   .     (boots unavailable)
MR     .....                    (no amulet)
Stlth  +.........               (no ring)
                                r - ring of poison resistance

@: not resistant to hostile enchantments, very unstealthy
A: unfitting armour, tough skin 1
a: no special abilities


You were on level 4 of the Dungeon.
You were near starving.

You visited 1 branch of the dungeon, and saw 5 of its levels.

You collected 134 gold pieces.

Inventory:

Hand weapons
 a - a +0 flail (weapon)
Missiles
 d - 3 throwing nets (quivered)
 j - 2 tomahawks
 o - 5 exploding tomahawks
Armour
 b - a +0 robe (worn)
 t - a +1 hat (worn)
 u - a +2 cloak (worn)
Jewellery
 r - a ring of poison resistance (left hand)
Magical devices
 s - a wand of flame (39)
Scrolls
 c - a scroll of recharging {unknown}
 f - 4 scrolls of enchant armour {unknown}
 h - a scroll of noise {unknown}
 i - 2 scrolls of teleportation {unknown}
 k - a scroll of immolation {unknown}
 m - 2 scrolls of remove curse {unknown}
 n - a scroll of fog {unknown}
 p - 2 scrolls of enchant weapon {unknown}
 q - a scroll of identify {unknown}
Comestibles
 e - 4 bread rations
 g - 2 meat rations
 l - 2 beef jerkies


   Skills:
 + Level 4.5 Fighting
 * Level 7.2 Maces & Flails
 - Level 2.1 Throwing
 - Level 2.6 Dodging


You had 4 spell levels left.
You didn't know any spells.

Dungeon Overview and Level Annotations

Branches:
Dungeon (5/15)
 Temple: D:4-7

Altars:
Kikubaaqudgha


Innate Abilities, Weirdness & Mutations

You are too large for most types of armour.
You have tough skin (AC +1).


Message History

You sock the orc!
You kill the orc!
The orc hits you with a club.
* * * LOW HITPOINT WARNING * * *
Something hits you but does no damage.
You hit the orc but do no damage.
The orc is heavily wounded.
The orc hits you but does no damage. Something hits you but does no damage.
You thump the orc!
You kill the orc!
The orc wizard hits you with a dagger.
* * * LOW HITPOINT WARNING * * *
Something hits you but does no damage.
You sock the orc!
You kill the orc!
The orc wizard hits you but does no damage.
You hear some strange, mumbled words.
A magic dart appears from out of thin air!
The magic dart hits you!
You die...

#.# ##..... .. ......
#..##..... #.# ##...... .
#...#....# #..#........ ..
#........# ##.......>.#
#.##.......# ##...#).....#
#..........# ##...#§o##....#
...........###..###{o......#
..............o###..##.....#
.........###...o@#.## .....#
......#..# ##..){).# .....
...#..#..# ##....## #..##
..###...## #..#.# ..#
..##.....## #....# .#
.###......# #....#
........#..# #.###..
..#....####...## ##.
####...# .# .


You could see an orc wizard and an orc (wandering).

Vanquished Creatures
  Crazy Yiuf (D:3)
  2 orc priests
  A hound (D:4)
  2 adders
  A shadow imp (D:5)
  A worm (D:3)
  A giant gecko (D:2)
  7 orcs
  A ball python (D:1)
  2 bats
  A giant cockroach (D:3)
  4 goblins
  6 hobgoblins
  A quokka (D:2)
  2 giant newts
  2 kobolds
  5 rats
40 creatures vanquished.

Notes
Turn   | Place    | Note
--------------------------------------------------------------
     0 | D:1      | urechis the Ogre Gladiator began the quest for the Orb.
     0 | D:1      | Reached XP level 1. HP: 22/22 MP: 1/1
   229 | D:1      | Reached XP level 2. HP: 29/31 MP: 2/2
   868 | D:2      | Reached skill level 5 in Maces & Flails
   921 | D:2      | Found a faded altar to an unknown god.
  1196 | D:3      | Reached XP level 3. HP: 37/37 MP: 3/3
  1325 | D:3      | Reached skill level 6 in Maces & Flails
  1325 | D:3      | Reached XP level 4. HP: 6/48 MP: 4/4
  1669 | D:3      | Noticed Crazy Yiuf
  1678 | D:3      | Killed Crazy Yiuf
  1793 | D:3      | You fall through a shaft for 2 floors!
  1793 | D:5      | Entered Level 5 of the Dungeon
  1803 | D:5      | Noticed an ice beast
  1883 | D:4      | Found an ancient bone altar of Kikubaaqudgha.
  1888 | D:4      | Reached XP level 5. HP: 42/54 MP: 5/5
  2007 | D:4      | Reached skill level 7 in Maces & Flails
  2017 | D:4      | Killed from afar by an orc wizard

Vault maps used:
D:1:      minmay_arrival_doors, patterned_corridor
D:2:      ecumenical_altar_1, minmay_misc_feat_x
D:3:      uniq_crazy_yiuf_cottage
D:4:      led_xom_imps, lemuel_round_altar, kennysheep_mini_moat,
          minmay_temple_entry_statues_fountains, uniq_natasha
D:5:      first_bread, serial_bayou_pond_a

Action                   |  1- 3 |  4- 6 || total
-------------------------+-------+-------++-------
Melee: Flail             |    86 |    41 ||   127
  Use: Potion            |     1 |       ||     1
 Stab: Sleeping          |     1 |       ||     1
  Eat: Pizza             |       |     1 ||     1
